AoeStats
← Rodrigo Lao Tse

Arabia

508409628Analyzed
1v1 RM · 10d ago on Sep 22, 2026· 18m 34s· 2 players
Game mode
Random Map
Map size
Tiny (2 player)
Population
200
Speed
Normal
Resources
Standard
Victory
Conquest
Starting age
Dark Age
Ending age
Imperial Age
RankedLock teamsTeams togetherTeam positionsShared explorationLock speedFull tech treeHidden civsTurbo modeCheats
Victory
Defeat
🇨🇱 Maya · Chile
856
+31
🇦🇹 Huns · Austria
894
-18
Rodrigo Lao Tse
0:27 Loom
9:49 Feudal Age
15:32 Fletching
Flamulina
13:01 Feudal Age
13:41 Double-Bit Axe
13:39 Horse Collar
13:48 Loom
17:18 Padded Archer Armor
17:11 Fletching
Connection lost

Rejoining the realm…

Still unreachable

The connection could not be restored.

Session expired

The server has moved on; the page needs a fresh start.